 Dungeon Crawl Stone Soup version 0.19-a0-1107-gc676ff4 (webtiles) character file.

863 seren the Slasher (level 8, 0/64 HPs)
             Began as a Formicid Abyssal Knight on Aug 9, 2016.
             Was an Elder of Lugonu.
             Slain by a giant newt (3 damage)
             ... on level 5 of the Dungeon.
             The game lasted 00:23:01 (6016 turns).

seren the Slasher (Formicid Abyssal Knight)         Turns: 6016, Time: 00:23:02

Health: 0/64       AC: -1    Str: 24    XL:     8   Next: 23%
Magic:  9/9        EV: 10    Int: 11    God:    Lugonu [****..]
Gold:   272        SH:  0    Dex: 11    Spells: 0 memorised, 7 levels left

rFire  . . .     SeeInvis +     a - +3 falchion
rCold  . . .     Gourm    .     u - +0 scale mail (curse)
rNeg   . . .     Faith    .     (no shield)
rPois  .         Spirit   .     (helmet unavailable)
rElec  .         Dismiss  .     (no cloak)
rCorr  .         Reflect  .     (no gloves)
SustAt .         Harm     .     (no boots)
MR     .....                    (no amulet)
Stlth  ..........               C - ring of wizardry
                                e - +5 ring of strength

@: corroded
A: permanent stasis, dig shafts and tunnels, four strong arms, antennae 3
a: Dig, Shaft Self, Depart the Abyss, Bend Space, Banish, Corrupt, Renounce
Religion


You were on level 5 of the Dungeon.
You worshipped Lugonu.
Lugonu was greatly pleased with you.
You were very hungry.

You visited 2 branches of the dungeon, and saw 6 of its levels.
You visited the Abyss 1 time.
You also visited: Sewer.

You collected 272 gold pieces.

Inventory:

Hand Weapons
 a - a +3 falchion (weapon)
Missiles
 o - 128 stones (quivered)
 q - a throwing net
Armour
 k - a +0 ring mail
 u - a cursed +0 scale mail (worn)
Jewellery
 e - a +5 ring of strength (left hand)
 C - a ring of wizardry (right hand)
Wands
 n - a wand of disintegration (9/24)
 w - a wand of iceblast (6/15)
Scrolls
 b - a scroll of recharging
 d - 2 scrolls of remove curse
 g - 2 scrolls of amnesia {unknown}
 h - a scroll of fear {unknown}
 j - 2 scrolls of fog {unknown}
 l - 2 scrolls of teleportation {unknown}
 v - 3 scrolls of magic mapping {unknown}
 y - 2 scrolls of identify {unknown}
 D - a scroll of enchant armour {unknown}
Potions
 f - a potion of flight {unknown}
 i - a potion of magic {unknown}
 p - a potion of resistance {unknown}
 x - 3 potions of haste
 z - 2 potions of brilliance {unknown}
 A - a potion of ambrosia {unknown}
Comestibles
 c - a bread ration
 m - 2 meat rations
 r - a beef jerky
 t - 3 slices of pizza


   Skills:
 - Level 6.2 Fighting
 + Level 7.6 Long Blades
 - Level 2.1 Armour
 - Level 0.8 Dodging
 - Level 2.1 Invocations


You had 7 spell levels left.
You didn't know any spells.

Dungeon Overview and Level Annotations

Branches:
Dungeon (5/15)             Temple (1/1) D:5

Altars:
Cheibriados
Dithmenos
Elyvilon
Gozag
Kikubaaqudgha
Makhleb
Nemelex Xobeh
Okawaru
Pakellas
Ru
Sif Muna
Trog
Uskayaw
Vehumet
Xom
Yredelemnul
Zin
The Shining One

Shops:
D:5 %

Annotations:
D:2 Sigmund
D:4 Grinder


Innate Abilities, Weirdness & Mutations

You are under a permanent stasis effect.
You can dig through walls and to a lower floor.
Your four strong arms can wield two-handed weapons with a shield.
You have a pair of large antennae on your head. (SInv)


Message History

The jelly hits you.
* * * LOW HITPOINT WARNING * * *
You are splashed with acid!
The acid burns!
* * * LOW HITPOINT WARNING * * *
Evoke which item? (* to show all) (? for menu, Esc to quit)
Zapping:
n - a wand of disintegration {zapped: 9} (will waste charges)
Press: ? - help, Shift-Dir - straight line, f/p - jelly
Aim: a jelly (almost dead, chance to defeat MR: 73%)
The jelly struggles to resist.
Evoking this partially-identified wand wasted a few charges.
The giant newt barely misses you.
You riposte.
You barely miss the giant newt. The jelly closely misses you.
Evoke which item? (* to show all) (? for menu, Esc to quit)
Zapping:
n - a wand of disintegration {zapped: 11} (will waste charges)
Press: ? - help, Shift-Dir - straight line, f/p - jelly
Aim: a jelly (almost dead, chance to defeat MR: 73%)
The jelly struggles to resist.
Evoking this partially-identified wand wasted a few charges.
The giant newt bites you.
You die...

# ####
#.#################...
.....................<
...................<..
#.....{.##############
#######(# ## ###(# #.
#.J.# ## #@### #.l.#
## ###.# #### #. ...
... #. ... ##.###.
##.# #...... ...
#...### .. #...#
#...###


You could see a jelly and a giant newt.

Vanquished Creatures
  Menkaure (D:5)
  Blork the orc (D:4)
  2 giant frogs (Sewer)
  A scorpion (D:5)
  A howler monkey (D:5)
  A gnoll shaman (D:5)
  2 orc priests
  An orc wizard (D:3)
  A worker ant (D:5)
  A killer bee zombie (D:5)
  A worker ant zombie (D:5)
  Robin (D:1)
  3 gnolls (D:5)
  9 adders
  4 river rats (Sewer)
  2 oozes (Sewer)
  A worm (D:1)
  6 giant geckos
  5 orcs
  7 giant cockroaches
  14 hobgoblins
  3 jackals (D:4)
  6 kobolds
  A quokka (D:2)
  12 ball pythons
  7 bats
  8 giant newts
  19 goblins
  A quokka zombie (D:5)
  29 rats
151 creatures vanquished.

Notes
Turn   | Place    | Note
-------+----------+-------------------------------------------
     0 | Abyss:1  | seren the Formicid Abyssal Knight began the quest for the Orb.
     0 | Abyss:1  | Reached XP level 1. HP: 18/18 MP: 2/2
     4 | D:1      | Escaped the Abyss
   108 | D:1      | Reached * piety under Lugonu
   111 | D:1      | Reached XP level 2. HP: 8/24 MP: 3/3
   583 | D:1      | Reached XP level 3. HP: 27/30 MP: 4/4
  1065 | D:2      | Reached skill level 3 in Long Blades
  1065 | D:2      | Reached XP level 4. HP: 38/38 MP: 5/5
  1070 | D:2      | Found a burning altar of Makhleb.
  1123 | D:2      | Reached ** piety under Lugonu
  1193 | D:2      | Noticed Sigmund
  1546 | D:2      | Noticed Robin
  1735 | D:1      | Killed Robin
  2038 | D:2      | Reached XP level 5. HP: 43/43 MP: 6/6
  2239 | D:3      | Found a glowing drain.
  2244 | Sewer    | Entered a sewer
  2269 | Sewer    | Reached skill level 5 in Fighting
  2415 | Sewer    | Reached *** piety under Lugonu
  2456 | Sewer    | Reached skill level 4 in Long Blades
  2584 | Sewer    | Reached XP level 6. HP: 23/51 MP: 7/7
  2851 | Sewer    | Reached **** piety under Lugonu
  2862 | Sewer    | Reached XP level 7. HP: 3/58 MP: 8/8
  3582 | D:3      | Reached skill level 5 in Long Blades
  4023 | D:4      | Noticed Blork the orc
  4243 | D:4      | Killed Blork the orc
  4615 | D:4      | Reached skill level 6 in Long Blades
  4774 | D:4      | Noticed Grinder
  4949 | D:5      | Entered Level 5 of the Dungeon
  5210 | D:5      | Found Hulluv's Food Shoppe.
  5214 | D:5      | Noticed Menkaure
  5215 | D:5      | Found a staircase to the Ecumenical Temple.
  5227 | D:5      | Killed Menkaure
  5227 | D:5      | Reached skill level 7 in Long Blades
  5227 | D:5      | Reached XP level 8. HP: 6/64 MP: 9/9
  5733 | D:5      | Found a shadowy altar of Dithmenos.
  5803 | Temple   | Entered the Ecumenical Temple
  6014 | D:5      | HP: 3/64 [acid (10)]
  6016 | D:5      | Slain by a giant newt

Vault maps used:
D:1:      tarquinn_simple_flora_water_f, minmay_tetromino_i2
D:2:      marbit_many_paths, old_standard_altar, lemuel_round_altar,
          minmay_misc_feat_tiny, serial_bayou_lagoon_b, uniq_robin,
          uniq_crazy_yiuf_cottage, uniq_sigmund
D:3:      portal_sewer_entry_e
D:4:      nrook_uturn, uniq_grinder, uniq_blork_the_orc
D:5:      grunt_dithmenos_smoke_and_mirrors, first_bread, serial_shops, shop,
          uniq_menkaure
Temple:   nicolae_temple_elliptical
Sewer:    sewer_minmay_w

Skill      XL: |  1  2  3  4  5  6  7 |
---------------+----------------------+-----
Fighting       | 4 5 6 |  6.2
Long Blades    | 3 4 7 |  7.6
Armour         | |  2.1
Dodging        | |  0.8
Invocations    | |  2.1

Action                   |  1- 3 |  4- 6 |  7- 9 || total
-------------------------+-------+-------+-------++-------
Melee: Falchion          |   106 |   254 |   167 ||   527
Throw: Stone             |       |    11 |     2 ||    13
Invok: Depart the Abyss  |     1 |       |       ||     1
Evoke: Wand              |       |       |     5 ||     5
  Use: Scroll            |       |     3 |     1 ||     4
       Potion            |       |     6 |     3 ||     9
  Eat: Chunk             |     1 |     6 |     9 ||    16
Armor: Leather armour    |     4 |       |       ||     4
       Ring mail         |    24 |    50 |       ||    74
       Scale mail        |       |    70 |    40 ||   110
Dodge: Dodged            |    47 |   179 |    67 ||   293
